 Dungeon Crawl Stone Soup version 0.29.1-15-g9cfb28693d (webtiles) character file.

Game seed: 1529566295745376619

5 Wiggles the Chopper (level 1, 0/28 HPs)
             Began as a Minotaur Berserker on Mar 31, 2023.
             Was a Follower of Trog.
             Slain by a gnoll
             ... wielding a +0 spear
              (6 damage)
             ... on level 1 of the Dungeon.
             The game lasted 00:00:16 (99 turns).

Wiggles the Chopper (Minotaur Berserker)              Turns: 99, Time: 00:00:17

Health: 0/28       AC:  2    Str: 21    XL:     1   Next: 66%
Magic:  0/0        EV: 12    Int:  4    God:    Trog [*.....]
Gold:   19         SH:  0    Dex:  9    Spells: 0/0 levels left

rFire   . . .      SeeInvis .   a - +0 hand axe
rCold   . . .      Faith    .   (no shield)
rNeg    . . .      Spirit   .   b - +0 animal skin
rPois   .          Reflect  .   (helmet restricted)
rElec   .          Harm     .   (no cloak)
rCorr   .          Rampage  .   (no gloves)
Will    .....                   (no boots)
Stlth   ..........              (no amulet)
HPRegen 0.09/turn               (no ring)
MPRegen 0.07/turn               (no ring)

@: berserking, very quick
A: horns 2, retaliatory headbutt
a: Renounce Religion, Berserk


You were on level 1 of the Dungeon.
You worshipped Trog.
Trog was aware of your devotion.
You visited 1 branch of the dungeon, and saw 1 of its levels.

You collected 19 gold pieces.

Inventory:

Hand Weapons
 a - a +0 hand axe (weapon)
Armour
 b - a +0 animal skin (worn)
Scrolls
 c - a scroll of butterflies {unknown}


   Skills:
 - Level 3.6 Fighting
 + Level 4.1 Axes
 - Level 2.4 Armour
 - Level 2.1 Dodging


You couldn't memorise any spells.
You didn't know any spells.
Your spell library was empty.

Dungeon Overview and Level Annotations

Branches:
Dungeon (1/15)

Altars:


Innate Abilities, Weirdness & Mutations

You have a pair of horns on your head.
You reflexively headbutt those who attack you in melee.


Message History

Found 4 stones.
A quokka comes into view.
The quokka misses you.
You closely miss the quokka. Your headbutt misses the quokka.
The quokka barely misses you. You furiously retaliate!
You headbutt the quokka!
You kill the quokka!
Trog accepts your kill.
Your Axes skill increases to level 4!
No target in view!
No target in view!
An endoplasm comes into view.
An endoplasm is nearby!
An endoplasm is nearby!
A kobold comes into view. It is wielding a +0 short sword.
The kobold shouts!
A gnoll comes into view. It is wielding a +0 spear.
The gnoll shouts!
You hit the endoplasm.
The endoplasm is lightly wounded.
The endoplasm barely misses you. You furiously retaliate!
You headbutt the endoplasm. You slash the endoplasm!
You kill the endoplasm!
Trog accepts your kill.
You closely miss the kobold.
The kobold hits you with a +0 short sword.
The gnoll hits you from afar with a +0 spear.
You are too injured to fight recklessly!
You are too injured to fight recklessly!
A red film seems to cover your vision as you go berserk!
You feel yourself moving faster!
You feel mighty! The kobold closely misses you.
The gnoll hits you from afar with a +0 spear!
You closely miss the kobold. The kobold misses you.
The gnoll hits you from afar with a +0 spear.
* * * LOW HITPOINT WARNING * * *
You closely miss the kobold. Your punch misses the kobold.
The kobold barely misses you. The gnoll barely misses you.
The kobold hits you but does no damage. The gnoll hits you with a +0 spear.
You die...

#.# #.# #.# #.#
#.# #.# #.# #
#.# #.# #. #.#
#.# ##.#.####.#
#.#
........K.###.#
#...|g@......#
##.###########


You could see a gnoll and a kobold.

Vanquished Creatures
  An endoplasm (D:1)
  A goblin (D:1)
  2 quokkas (D:1)
4 creatures vanquished.

Notes
Turn   | Place    | Note
-------+----------+-------------------------------------------
     0 | D:1      | Wiggles the Minotaur Berserker began the quest for the Orb.
     0 | D:1      | Reached XP level 1. HP: 19/19 MP: 0/0
    61 | D:1      | Reached skill level 4 in Axes
    99 | D:1      | Slain by a gnoll

Illustrated notes

Levels and vault maps discovered:
D:1:      minmay_arrival_up_and_down, layout_loops_ring

Skill      XL: |  1 |
---------------+----+-----
Axes           | 4 |  4.1
Fighting       | |  3.6
Armour         | |  2.4
Dodging        | |  2.1

Action                   || total
-------------------------++-------
Melee: Hand axe          ||     8
Invok: Berserk           ||     1
Armor: Animal skin       ||     1
Dodge: Dodged            ||     8
